 Dungeon Crawl Stone Soup version 0.27-a0-1555-g0e7b3fb1d2 (webtiles) character file.

Game seed: 3560374947760960121

1050 Anon1729 the Gusty (level 8, -1/41 HPs)
             Began as a Kobold Air Elementalist on July 14, 2021.
             Slain by Pikel (2 damage)
             ... on level 6 of the Dungeon.
             The game lasted 00:19:33 (8996 turns).

Anon1729 the Gusty (Kobold Air Elementalist)        Turns: 8996, Time: 00:19:33

Health: -1/41      AC:  5    Str:  5    XL:     8   Next: 50%
Magic:  6/12       EV: 18    Int: 18    God:
Gold:   142        SH:  5    Dex: 22    Spells: 9/15 levels left

rFire    . . .     SeeInvis .   w - +3 flail (holy)
rCold    . . .     Faith    .   (shield restricted)
rNeg     . . .     Spirit   .   a - +0 robe
rPois    .         Reflect  +   d - +1 helmet
rElec    .         Harm     .   p - +0 cloak {Stlth+}
rCorr    .         Rampage  .   (no gloves)
Will     .....                  (no boots)
Stlth    ++++++....             r - amulet of reflection
HPRegen  0.13/turn              j - ring of flight
MPRegen  0.13/turn              h - +6 ring of dexterity

@: unable to read, flying
A: small, no large weapons, nightstalker 3, low mp 1, inability to read while
threatened
a: no special abilities


You were on level 6 of the Dungeon.
You visited 1 branch of the dungeon, and saw 7 of its levels.

You collected 278 gold pieces.
You spent 136 gold pieces at shops.

Inventory:

Hand Weapons
 b - a +0 hand axe of freezing
 m - a +0 flail
 q - a +3 quarterstaff of chaos
 w - a +3 flail of holy wrath (weapon)
Armour
 a - a +0 robe (worn)
 d - a +1 helmet (worn)
 l - a +3 chain mail of positive energy
 p - a +0 cloak of stealth (worn)
Jewellery
 h - a +6 ring of dexterity (right hand)
 j - a ring of flight (left hand)
 r - an amulet of reflection (around neck)
 z - the ring "Qonoen" {rElec rPois EV+4 Str-4 Dex-4 SInv}
   (You found it on level 6 of the Dungeon)

   [ring of evasion]

   EV:        It affects your evasion (+4).
   Str:       It affects your strength (-4).
   Dex:       It affects your dexterity (-4).
   rElec:     It insulates you from electricity.
   rPois:     It protects you from poison.
   SInv:      It lets you see invisible.
Wands
 t - a wand of polymorph (11)
 x - a wand of flame (24)
Scrolls
 c - a scroll of enchant weapon
 e - a scroll of brand weapon
 f - a scroll of fog
 i - a scroll of immolation
 k - a scroll of acquirement
 o - a scroll of holy word
 s - 2 scrolls of magic mapping
 y - a scroll of teleportation
Potions
 g - 3 potions of lignification
 n - a potion of curing
 u - 2 potions of attraction
 v - a potion of ambrosia


   Skills:
 + Level 5.1 Dodging
 + Level 6.0 Stealth
 + Level 4.2 Spellcasting
 + Level 3.8 Conjurations
 * Level 6.2 Air Magic


You had 9 spell levels left.
You knew the following spells:

 Your Spells              Type           Power      Damage    Failure   Level
a - Shock                 Conj/Air       88%        1d8       1%          1
b - Static Discharge      Conj/Air       22%        N/A       2%          2
c - Swiftness             Air            26%        N/A       3%          3

Your spell library contained the following spells:

 Spells                   Type           Power      Damage    Failure   Level
 Airstrike                Air            13%        N/A       11%         4
 Ensorcelled Hibernation  Hex/Ice        6%         N/A       22%         2
 Slow                     Hex            3%         N/A       22%         2
 Confusing Touch          Hex            3%         N/A       41%         3
 Frozen Ramparts          Ice            6%         1d2       41%         3
 Ozocubu's Armour         Ice            3%         N/A       41%         3
 Portal Projectile        Hex/Tloc       6%         N/A       41%         3
 Vampiric Draining        Necr           1%         2d6       41%         3


Dungeon Overview and Level Annotations

Branches:
Dungeon (7/15)
 Temple: D:4-7

Altars:
Ashenzari
Gozag
Makhleb
Nemelex Xobeh
Trog
Wu Jian

Shops:
D:5 ?   D:7 (

Annotations:
D:6 Pikel


Innate Abilities, Weirdness & Mutations

You are small and have problems with some larger weapons.
You are completely attuned to the shadows.
Your magical capacity is low. (-10% MP)
You sometimes lose the ability to read scrolls when taking damage.


Message History

You fly upwards.
Level annotation: Pikel The lemure hits you.
Pikel completely misses you.
There is a stone staircase leading down here.
Casting: Static Discharge (safe; 2% risk of failure)
Confirm with . or Enter, or press ? or * to list all spells.
The lemure is struck by an arc of lightning.
The lemure is lightly wounded.
You are struck by an arc of lightning.
The lightning grounds out.
Pikel is struck by an arc of lightning.
Pikel is lightly wounded.
You are struck by an arc of lightning.
The lightning grounds out.
Pikel completely misses you. The lemure hits you!
You feel threatened and lose the ability to read scrolls!
Casting: Static Discharge (safe; 2% risk of failure)
Confirm with . or Enter, or press ? or * to list all spells.
Pikel is struck by an arc of lightning!
Pikel is moderately wounded.
You are struck by an arc of lightning.
The lemure is struck by an arc of lightning.
The lemure is moderately wounded.
The lightning grounds out.
Pikel completely misses you. The lemure hits you!
Casting: Static Discharge (safe; 2% risk of failure)
Confirm with . or Enter, or press ? or * to list all spells.
The lemure is struck by an arc of lightning!
The lemure is severely wounded.
You are struck by an arc of lightning.
The lightning grounds out.
Pikel is struck by an arc of lightning.
Pikel is heavily wounded.
You are struck by an arc of lightning.
* * * LOW HITPOINT WARNING * * *
The lightning grounds out.
Pikel hits you with a +0 whip of flaming!
* * * LOW HITPOINT WARNING * * *
Pikel burns you.
* * * LOW HITPOINT WARNING * * *
The lemure misses you.
Okay, then.
Pikel hits you with a +0 whip of flaming.
You die...

######## ##......##
#####........##
#..@......<...#
#.5K..........#
#.............#
##.............# #
...............# ##
...#.#..........## ##.
#.....#..........####..
#...#....>....?...##...
..................#....


You could see Pikel and a lemure.

Vanquished Creatures
  Grinder (D:4)
  Edmund (D:4)
  A black bear (D:5)
  3 lemures
  A centaur (D:3)
  2 scorpions
  2 howler monkeys
  Crazy Yiuf (D:2)
  2 jellies
  A hound (D:5)
  An iguana (D:5)
  Terence (D:2)
  A howler monkey skeleton (D:4)
  6 gnolls
  4 adders
  An adder skeleton (D:4)
  3 worms
  3 dart slugs
  17 orcs
  8 endoplasms
  4 giant cockroaches
  7 goblins
  8 hobgoblins
  12 jackals
  6 quokkas
  4 ball pythons
  5 bats
  4 frilled lizards
  6 kobolds
  4 rats
  A rat zombie (D:4)
121 creatures vanquished.

Vanquished Creatures (others)
  A fungus (D:2)
1 creature vanquished.

Grand Total: 122 creatures vanquished

Notes
Turn   | Place    | Note
-------+----------+-------------------------------------------
     0 | D:1      | Anon1729 the Kobold Air Elementalist began the quest for
                  | the Orb.
     0 | D:1      | Reached XP level 1. HP: 10/10 MP: 3/3
   440 | D:1      | Reached XP level 2. HP: 10/15 MP: 0/5
   778 | D:1      | Found a faded altar of an unknown god.
  1263 | D:1      | Reached XP level 3. HP: 19/19 MP: 1/6
  2020 | D:2      | Reached XP level 4. HP: 12/24 MP: 0/7
  2472 | D:2      | Learned a level 2 spell: Static Discharge
  2476 | D:2      | Learned a level 3 spell: Swiftness
  2499 | D:2      | Noticed Terence
  2624 | D:2      | HP: 1/24 [Terence (10)]
  2909 | D:2      | Killed Terence
  2910 | D:2      | Reached XP level 5. HP: 20/28 MP: 3/9
  3013 | D:2      | Got the Almanac of Quantum Ice
  3445 | D:2      | Found a runed translucent door.
  3448 | D:2      | Noticed Crazy Yiuf
  3654 | D:2      | Killed Crazy Yiuf
  3654 | D:2      | HP: 1/28 [/static electricity (3)]
  4281 | D:3      | Noticed a centaur
  4290 | D:3      | Killed a centaur
  4291 | D:3      | Reached XP level 6. HP: 5/32 MP: 1/10
  4627 | D:3      | Found a broken altar of Ashenzari.
  4800 | D:3      | Found a burning altar of Makhleb.
  5737 | D:4      | Noticed Grinder
  5738 | D:4      | Reached XP level 7. HP: 28/36 MP: 7/11
  5750 | D:4      | Paralysed by Grinder for 2 turns
  5772 | D:4      | Paralysed by Grinder for 3 turns
  5780 | D:4      | HP: 2/54 [Grinder (3)]
  5781 | D:4      | Gained mutation: You sometimes lose the ability to read
                  | scrolls when taking damage. [potion of mutation]
  5781 | D:4      | Gained mutation: Your magical capacity is low. (-10% MP)
                  | [potion of mutation]
  5796 | D:4      | Paralysed by Grinder for 4 turns
  5803 | D:4      | Killed Grinder
  5804 | D:4      | Reached skill level 5 in Stealth
  5804 | D:4      | Reached skill level 5 in Air Magic
  5871 | D:4      | Found a sparkling altar of Nemelex Xobeh.
  6706 | D:4      | Noticed Edmund
  6716 | D:4      | Killed Edmund
  6717 | D:4      | Reached XP level 8. HP: 5/41 MP: 0/12
  7179 | D:5      | Entered Level 5 of the Dungeon
  7202 | D:5      | Found an opulent altar of Gozag.
  7554 | D:5      | Found Gygerul's Magic Scroll Boutique.
  7561 | D:5      | Bought a scroll of identify for 26 gold pieces
  7561 | D:5      | Bought a scroll of teleportation for 39 gold pieces
  7561 | D:5      | Bought a scroll of magic mapping for 45 gold pieces
  7572 | D:5      | Identified a scroll of acquirement
  7573 | D:5      | Bought a scroll of identify for 26 gold pieces
  7659 | D:5      | Found an ornate altar of the Wu Jian Council.
  7897 | D:5      | Reached skill level 5 in Dodging
  7974 | D:5      | Found a bloodstained altar of Trog.
  8626 | D:6      | Noticed Pikel
  8824 | D:6      | Identified the ring "Qonoen" {rElec rPois EV+4 Str-4 Dex-4
                  | SInv}
  8839 | D:7      | Found Ohurob's Weapon Boutique.
  8995 | D:6      | HP: 1/41 [Pikel (3)]
  8996 | D:6      | Slain by Pikel

Illustrated notes

Levels and vault maps discovered:
D:1:      lightli_arrival_isolated_outpost, layout_basic,
          hellmonk_ecumenical_altar_inner_sanctum, wad_floor_pattern_1,
          kennysheep_minor_cross, patterned_corridor
D:2:      layout_rooms, minmay_fractal_squares_5, uniq_terence,
          uniq_crazy_yiuf_cottage
D:3:      layout_rooms, amcnicky_altar_gilded,
          mainiacjoe_overflow_small_starburst, minmay_puff
D:4:      layout_loops_cross, mainiacjoe_overflow_alcove_4, enter_ossuary_4,
          hangedman_abyss_or_decor_stagger, minmay_distorted, uniq_grinder,
          uniq_edmund
D:5:      layout_cave_pods, trog_antimagical,
          nicolae_gozag_cash_rules_everything_around_me, lemuel_tele_altar,
          serial_shops, nicolae_shop_crystal, hex_medium
D:6:      layout_rooms, minmay_temple_entry_grid, uniq_eustachio, uniq_pikel
D:7:      minmay_octagon_keep, layout_basic, serial_shops,
          kennysheep_little_box, shop_fountains, nicolae_diamond_shop,
          nicolae_stop_n_shop_2, ebering_ghost_xom, lemuel_flame_loot_1

Skill      XL: |  1  2  3  4  5  6  7  8 |
---------------+-------------------------+-----
Stealth        | 3 4 5 6 |  6.0
Dodging        | 3 4 5 |  5.1
Conjurations   | 2 3 |  3.8
Air Magic      | 4 5 6 |  6.2
Spellcasting   | 3 4 |  4.2

Action                   |  1- 3 |  4- 6 |  7- 9 || total
-------------------------+-------+-------+-------++-------
Melee: Unarmed           |    58 |     4 |       ||    62
       Flail             |       |    56 |    31 ||    87
       Quarterstaff      |       |       |    23 ||    23
 Cast: Shock             |    57 |   100 |    60 ||   217
       Static Discharge  |       |    27 |    28 ||    55
       Swiftness         |       |     1 |       ||     1
Evoke: Wand              |       |       |     1 ||     1
  Use: Potion            |     2 |       |     5 ||     7
       Scroll            |       |       |     7 ||     7
 Stab: Sleeping          |       |     4 |     2 ||     6
Armor: Robe              |    13 |    35 |    13 ||    61
       Skin              |     8 |       |    37 ||    45
Dodge: Dodged            |    50 |   107 |    74 ||   231
Block: Other             |       |       |     6 ||     6

Table legend: (Time is in decaauts)
 A = Elapsed time spent in this place.
 B = Non-inter-level travel time spent in this place.
 C = Inter-level travel time spent in this place.
 D = Time resting spent in this place.
 E = Time spent auto-exploring this place.
 F = Levels seen in this place.
 G = Mean time per level.
                   A        B        C        D        E       F      G
               +--------+--------+--------+--------+--------+-----+--------+
         Total |   9040 |   8855 |    185 |   2490 |   5039 |   7 | 1291.4 |
       Dungeon |   9040 |   8855 |    185 |   2490 |   5039 |   7 | 1291.4 |
               +--------+--------+--------+--------+--------+-----+--------+

Top non-repeatable levels by time:
     D:1: 2143 daAuts
     D:2: 1845 daAuts
     D:4: 1630 daAuts
     D:3: 1594 daAuts
     D:5: 1508 daAuts
     D:6: 164 daAuts
     D:7: 152 daAuts
